 Dungeon Crawl Stone Soup version 0.25.1-2-g60ff931df9 (webtiles) character file.

Game seed: 17055829759180264393

19338 Johnny the Geomancer (level 12, -5/81 HPs)
             Began as a Demigod Earth Elementalist on Oct 7, 2020.
             Killed by divine providence
             ... invoked by Saint Roka
              (16 damage)
             ... on level 2 of the Orcish Mines.
             The game lasted 00:24:45 (19522 turns).

Johnny the Geomancer (Demigod Earth Elementalist)  Turns: 19522, Time: 00:24:45

Health: -5/81      AC:  6    Str: 13    XL:     12   Next: 8%
Magic:  3/30       EV: 12    Int: 29    God:
Gold:   4567       SH:  0    Dex: 16    Spells: 18/31 levels left

rFire    . . .     SeeInvis .   x - +2 dagger (venom)
rCold    . . .     Gourm    .   (no shield)
rNeg     . . .     Faith    .   k - +0 leather armour (curse)
rPois    .         Spirit   .   (no helmet)
rElec    .         Reflect  .   (no cloak)
rCorr    +         Harm     .   o - +0 pair of gloves
MR       ++++.                  m - +1 pair of boots "Hoateuf" {MR++ Str+2 Int+2}
Stlth    ++........             (no amulet)
HPRegen  0.23/turn              c - ring of protection from magic
MPRegen  0.22/turn              y - ring of resist corrosion

@: hasted, very quick
A: high mp 1
a: no special abilities


You were on level 2 of the Orcish Mines.
You were full.

You visited 2 branches of the dungeon, and saw 12 of its levels.
You also visited: Sewer.

You collected 4567 gold pieces.

Inventory:

Hand Weapons
 r - a +2 flail of holy wrath
 x - a +2 dagger of venom (weapon)
 K - the +9 hunting sling "Kuffast" {flame, Str+3, unknown}
   (You found it on level 10 of the Dungeon)

   It causes projectiles fired from it to burn those they strike, causing extra
   injury to most foes and up to half again as much damage against particularly
   susceptible opponents.
   It affects your strength (+3).
Missiles
 b - 30 stones (quivered)
Armour
 k - a cursed +0 leather armour (worn)
 m - the +1 pair of boots "Hoateuf" (worn) {MR++ Str+2 Int+2}
   (You found it on level 6 of the Dungeon)

   It affects your strength (+2).
   It affects your intelligence (+2).
   It affects your resistance to hostile enchantments.
 o - a +0 pair of gloves (worn)
 E - the +4 ring mail "Kohoace" {rElec Int-5 Slay+2}
   (You found it on level 8 of the Dungeon)

   It affects your intelligence (-5).
   It affects your accuracy and damage with ranged weapons and melee attacks
   (+2).
   It insulates you from electricity.
 G - a +2 robe of positive energy
 O - a +1 ring mail of magic resistance
Jewellery
 c - a ring of protection from magic (left hand)
 f - an uncursed ring of fire
 w - an uncursed ring of stealth
 y - a ring of resist corrosion (right hand)
 C - a +6 ring of strength
 H - an uncursed ring of see invisible {unknown}
 L - an uncursed ring of magical power
Wands
 l - a wand of digging (2)
Scrolls
 e - 2 scrolls of fear
 g - a scroll of noise
 h - 2 scrolls of fog
 n - 2 scrolls of holy word
 p - 5 scrolls of enchant armour
 s - 2 scrolls of blinking
 u - 6 scrolls of teleportation
 v - a scroll of magic mapping
 F - a scroll of enchant weapon {unknown}
Potions
 a - a potion of might
 i - 5 potions of curing
 j - 5 potions of resistance
 q - 2 potions of degeneration
 t - 3 potions of mutation
 B - 3 potions of flight
 I - a potion of stabbing
Comestibles
 d - 20 rations


   Skills:
 - Level 1.7 Dodging
 - Level 1.7 Stealth
 + Level 10.2 Spellcasting
 - Level 0.8 Transmutations
 * Level 14.9 Earth Magic


You had 18 spell levels left.
You knew the following spells:

 Your Spells              Type           Power        Failure   Level  Hunger
a - Sandblast             Erth           ######       0%          1    None
b - Stone Arrow           Conj/Erth      ######       1%          3    None
c - Lee's Rapid Deconstr  Erth           #######...   1%          5    ###....
d - Petrify               Tmut/Erth      ######..     1%          4    None

Your spell library contained the following spells:

 Spells                   Type           Power        Failure   Level  Hunger
 Passwall                 Tmut/Erth      ######..     1%          2    None
 Beastly Appendage        Tmut           ###...       3%          1    None
 Corona                   Hex            ##.....      4%          1    None
 Shock                    Conj/Air       ##..         4%          1    None
 Sticks to Snakes         Tmut           ###.....     4%          2    None
 Ensorcelled Hibernation  Hex/Ice        ##....       7%          2    None
 Swiftness                Chrm/Air       ##......     7%          2    None
 Spider Form              Tmut/Pois      ###.......   12%         3    None
 Confusing Touch          Hex            ##......     14%         3    None
 Dazzling Flash           Conj/Hex       ##....       14%         3    None
 Static Discharge         Conj/Air       ##......     14%         3    None
 Tukima's Dance           Hex            ##......     14%         3    None
 Ice Form                 Ice/Tmut       ###.....     36%         4    None
 Airstrike                Air            ##........   43%         4    None
 Blade Hands              Tmut           ###.......   65%         5    ###....
 Lightning Bolt           Conj/Air       ##........   78%         5    ###....


Dungeon Overview and Level Annotations

Branches:
Dungeon (10/15)            Temple (0/1) D:6            Lair (0/6) D:10
    Orc (2/2) D:10            Elf (0/3) Orc:2         Sewer (visited)

Annotations:
D:3 1 runed translucent door
D:5 sfoobar's ghost, novice MiBe
Orc:2 Saint Roka


Innate Abilities, Weirdness & Mutations

You have an increased reservoir of magic. (+10% MP)


Message History

The helpless Saint Roka fails to defend themself.
You hit Saint Roka but do no damage.
Saint Roka is moderately wounded.
The helpless Saint Roka fails to defend themself.
You puncture Saint Roka!
Saint Roka looks as sick as possible!
Saint Roka is moderately wounded.
Saint Roka is no longer petrified.
You barely miss Saint Roka.
Saint Roka is moderately wounded.
Saint Roka unwields a +1 arbalest of freezing.
Saint Roka wields a +2 battleaxe of freezing.
It glows with a cold blue light!
Saint Roka hits you with a +2 battleaxe of freezing!
Saint Roka freezes you!
Saint Roka calls down the wrath of Beogh upon you.
Beogh smites you!
* * * LOW HITPOINT WARNING * * *
Saint Roka mumbles some strange prayers to Beogh against you.
Beogh smites you!
You die...

)##...##....#....^...............
.###.####...##...................
..######.#.##....................
.## #...#......................
#.# ##.......###..#.............
#.####.......###.................
##..##....#....#.................
##....#.#..†.................<...
.##.........o...@.(.......#......
..#.#.......(....................
.#.............#.#...............
[...............##...............
.......##......##................
.......#.........................
....#.###..............#.........
#...### ###.#.#..................
....# ####...............#...


You could see Saint Roka (extremely poisoned).

Vanquished Creatures
  Erolcha (D:9)
  Erica (D:8)
  A two-headed ogre (D:10)
  2 orc high priests
  5 orc knights
  The ghost of Lavandula the Archer, a novice CeHu of Ashenzari (D:8)
  A cyclops (Orc:1)
  2 orc sorcerers
  A komodo dragon (D:10)
  5 trolls
  Prince Ribbit (D:6)
  A hippogriff (D:10)
  A spriggan (D:10)
  9 yaks
  A wraith (D:10)
  Grum (D:8)
  A wyvern (D:8)
  2 hungry ghosts (D:10)
  7 wargs
  3 ice beasts
  2 sky beasts
  A black bear (D:8)
  20 orc warriors
  9 ogres
  5 phantoms
  2 wolves (D:8)
  4 centaurs
  5 big kobolds
  Blork the orc (D:5)
  4 bullfrogs
  A gnoll sergeant (D:10)
  A wyvern zombie (D:10)
  A wyvern skeleton (D:8)
  3 scorpions
  3 troll zombies (D:10)
  8 killer bees
  2 howler monkeys
  3 crimson imps
  A bullfrog zombie (D:9)
  4 hounds
  2 jellies
  A quasit (D:10)
  14 orc priests
  2 bullfrog skeletons
  A human skeleton (D:3)
  21 orc wizards
  6 worker ants
  A killer bee zombie (D:9)
  2 bullfrog simulacra (D:5)
  A centaur simulacrum (D:5)
  3 ogre zombies (D:10)
  4 worker ant zombies
  13 adders
  2 river rats (Sewer)
  4 gnolls (D:10)
  A white imp (D:5)
  2 oozes
  2 adder skeletons
  An adder zombie (D:9)
  4 worms
  3 dart slugs
  4 leopard geckos
  64 orcs
  5 ball pythons
  5 bats
  8 giant cockroaches
  5 goblins
  6 hobgoblins
  34 kobolds
  3 quokkas
  4 frilled lizards
  4 hobgoblin zombies (D:10)
  A jackal zombie (D:3)
  2 orc skeletons (D:10)
  9 orc zombies (D:10)
  13 rats
384 creatures vanquished.

Vanquished Creatures (others)
  3 plants (D:10)
3 creatures vanquished.

Grand Total: 387 creatures vanquished

Notes
Turn   | Place    | Note
-------+----------+-------------------------------------------
     0 | D:1      | Johnny the Demigod Earth Elementalist began the quest for
                  | the Orb.
     0 | D:1      | Reached XP level 1. HP: 14/14 MP: 5/5
   283 | D:1      | Reached skill level 3 in Earth Magic
   407 | D:1      | Reached XP level 2. HP: 20/20 MP: 4/7
  1313 | D:2      | Reached XP level 3. HP: 14/26 MP: 5/9
  2225 | D:2      | Reached skill level 4 in Earth Magic
  2514 | D:3      | Reached XP level 4. HP: 31/33 MP: 1/10
  2686 | D:3      | Found an ancient bone altar of Kikubaaqudgha.
  2688 | D:3      | Found a blossoming altar of Fedhas.
  2859 | D:3      | Noticed a human
  2860 | D:3      | Found a runed translucent door.
  2881 | D:3      | Found a basalt altar of Yredelemnul.
  3187 | D:3      | Found a glowing drain.
  3192 | Sewer    | Entered a sewer
  3375 | Sewer    | Reached XP level 5. HP: 36/38 MP: 12/12
  3485 | Sewer    | Reached skill level 5 in Earth Magic
  3693 | Sewer    | Reached XP level 6. HP: 31/45 MP: 7/14
  4590 | D:4      | Reached skill level 6 in Earth Magic
  4856 | D:4      | Identified the +10 dagger of Xom {venom, +Inv rC- Stlth+}
  5042 | D:4      | Reached XP level 7. HP: 50/50 MP: 12/16
  5364 | D:5      | Entered Level 5 of the Dungeon
  5371 | D:5      | Found an iron altar of Okawaru.
  5451 | D:5      | Learned a level 3 spell: Stone Arrow
  5457 | D:5      | Learned a level 5 spell: Lee's Rapid Deconstruction
  5462 | D:5      | Learned a level 4 spell: Petrify
  5538 | D:5      | Noticed Blork the orc
  5547 | D:5      | Killed Blork the orc
  5742 | D:5      | Found a burning altar of Makhleb.
  5840 | D:5      | Found a runed translucent gate.
  5841 | D:5      | Found a runed translucent gate.
  5841 | D:5      | Found a runed translucent gate.
  5845 | D:5      | Noticed sfoobar's ghost (novice MiBe)
  6150 | D:5      | Reached skill level 7 in Earth Magic
  6599 | D:6      | Got a pair of distressingly furry boots
  6605 | D:6      | Identified the +1 pair of boots "Hoateuf" {MR++ Str+2
                  | Int+2} (You found it on level 6 of the Dungeon)
  6654 | D:6      | Noticed Prince Ribbit
  6659 | D:6      | Killed Prince Ribbit
  6661 | D:6      | Reached skill level 5 in Spellcasting
  6661 | D:6      | Reached skill level 8 in Earth Magic
  6661 | D:6      | Reached XP level 8. HP: 55/57 MP: 12/19
  6760 | D:6      | You fall into a shaft and drop 2 floors!
  6882 | D:8      | Found a large runed translucent door.
  6882 | D:8      | Found a large runed translucent door.
  6882 | D:8      | Noticed Lavandula's ghost (novice CeHu)
  7493 | D:7      | Reached skill level 9 in Earth Magic
  8247 | D:6      | Found a staircase to the Ecumenical Temple.
  8852 | D:8      | Reached XP level 9. HP: 62/62 MP: 10/22
  9063 | D:8      | Noticed Psyche
  9065 | D:8      | Noticed Psyche
  9065 | D:8      | Psyche changed into Psyche the wyvern
  9070 | D:8      | Killed Psyche the wyvern
  9079 | D:8      | Identified a scroll of acquirement
  9081 | D:8      | Acquired 3180 gold pieces
  9275 | D:8      | Noticed Grum
  9281 | D:8      | Reached skill level 10 in Earth Magic
  9282 | D:8      | Killed Grum
  9494 | D:8      | Noticed Erica
  9499 | D:8      | Killed Erica
  9499 | D:8      | Reached skill level 11 in Earth Magic
  9508 | D:8      | Got a bloodstained ring mail
  9946 | D:8      | Killed Lavandula's ghost
 10362 | D:9      | Reached XP level 10. HP: 53/69 MP: 18/25
 10574 | D:9      | Noticed Erolcha
 10583 | D:9      | Killed Erolcha
 10915 | D:9      | Identified the +4 ring mail "Kohoace" {rElec Int-5 Slay+2}
                  | (You found it on level 8 of the Dungeon)
 10954 | D:9      | Reached skill level 12 in Earth Magic
 11281 | D:10     | Entered Level 10 of the Dungeon
 11292 | D:10     | Identified the +7 flail "Cyof" {holy, rF+ rC+}
 12433 | D:10     | Got a crude hunting sling
 12547 | D:10     | Noticed a two-headed ogre
 12554 | D:10     | Killed a two-headed ogre
 12709 | D:10     | Reached skill level 13 in Earth Magic
 13233 | D:10     | Found a shadowy altar of Dithmenos.
 13236 | D:10     | Reached XP level 11. HP: 74/74 MP: 18/28
 13344 | D:10     | Found a staircase to the Lair.
 13972 | D:10     | Found a staircase to the Orcish Mines.
 14057 | Orc:1    | Entered Level 1 of the Orcish Mines
 14219 | Orc:2    | Entered Level 2 of the Orcish Mines
 14232 | Orc:1    | Noticed an orc knight
 14245 | Orc:1    | Noticed an orc high priest
 14251 | Orc:1    | Noticed an orc knight
 14544 | Orc:1    | Killed an orc high priest
 15076 | Orc:1    | Found a roughly hewn altar of Beogh.
 15133 | Orc:1    | Killed an orc knight
 15135 | Orc:1    | Reached skill level 14 in Earth Magic
 15359 | Orc:1    | Killed an orc knight
 15966 | Orc:2    | Noticed an orc knight
 15975 | Orc:2    | Killed an orc knight
 16623 | Orc:2    | Found a staircase to the Elven Halls.
 16765 | Orc:2    | Noticed an orc knight
 16799 | Orc:2    | Killed an orc knight
 17202 | Orc:2    | Noticed an orc high priest
 17207 | Orc:2    | Killed an orc high priest
 17207 | Orc:2    | Reached skill level 10 in Spellcasting
 17410 | Orc:2    | Noticed an orc knight
 18043 | Orc:2    | Found a roughly hewn altar of Beogh.
 18072 | Orc:2    | Killed an orc knight
 18072 | Orc:2    | Reached XP level 12. HP: 65/81 MP: 6/30
 18377 | Orc:2    | Noticed Saint Roka
 19522 | Orc:2    | Killed from afar by Saint Roka

Illustrated notes

Levels and vault maps discovered:
D:1:      ebering_trefoil_3fold, layout_loops_ring, fountainhead
D:2:      layout_loops_ring, chequers_jeans, chequers_serial_rivers_micro_e,
          chequers_serial_rivers_micro_d
D:3:      layout_loops_ring, grunt_temple_overflow_growth_and_decay,
          portal_sewer_entry_e, dk_yredelemnul_ordeal
D:4:      layout_cave_pods, first_ration, minivault_23,
          minmay_misc_feat_four_crosses
D:5:      layout_loops_ring, nicolae_overflow_crystal_walls, bloody_makhleb,
          gammafunk_ghost_icy, uniq_blork_the_orc
D:6:      layout_basic, minmay_temple_entry_sparse_star, uniq_prince_ribbit1
D:7:      layout_gridville
D:8:      layout_basic, ebering_ghost_disaster_area, uniq_erica, uniq_psyche,
          uniq_grum
D:9:      layout_rooms, uniq_erolcha
D:10:     layout_irregular_city, david_lair_shrubbed, zombieorc1_lemuel,
          basic_altar, the_bakery, grunt_dithmenos_smoke
Orc:1:    nicolae_orc_accident_1, layout_diamond_mine, basic_altar
Orc:2:    grunt_orc_cross, layout_caves

Skill      XL: |  1  2  3  4  5  6  7  8  9 10 11 |
---------------+----------------------------------+-----
Earth Magic    | 3 4 5 6 8 9 11 13 14 | 14.9
Spellcasting   | 2 3 4 5 6 7 8 10 | 10.2
Dodging        | |  1.7
Stealth        | |  1.7
Transmutations | |  0.8

Action                   |  1- 3 |  4- 6 |  7- 9 | 10-12 || total
-------------------------+-------+-------+-------+-------++-------
Melee: Unarmed           |    18 |       |       |       ||    18
       Short sword       |   122 |     7 |       |       ||   129
       Flail             |       |    84 |     1 |       ||    85
       Dagger            |       |    62 |   125 |   201 ||   388
Throw: Stone             |       |       |       |     1 ||     1
 Cast: Sandblast         |    32 |    43 |    96 |   114 ||   285
       Stone Arrow       |       |       |    23 |    87 ||   110
       Lee's Rapid Decon |       |       |    10 |   102 ||   112
       Petrify           |       |       |       |    33 ||    33
Evoke: Wand              |       |       |     1 |    21 ||    22
  Use: Scroll            |     7 |     3 |    10 |    12 ||    32
       Potion            |       |       |     2 |     5 ||     7
 Stab: Sleeping          |     2 |     1 |     3 |     1 ||     7
       Distracted        |     1 |       |       |       ||     1
       Petrifying        |       |       |       |     1 ||     1
       Petrified         |       |       |       |     9 ||     9
  Eat: Chunk             |     5 |     9 |     8 |    35 ||    57
       Ration            |       |       |     3 |     4 ||     7
Armor: Robe              |     9 |       |       |       ||     9
       Ring mail         |    47 |    59 |       |       ||   106
       Leather armour    |       |       |    59 |    73 ||   132
Dodge: Dodged            |    95 |   111 |   101 |   201 ||   508
